 Dungeon Crawl Stone Soup version 0.23.0 (webtiles) character file.

Game seed: 9634340165540294926

311 Monsterracer the Ducker (level 6, -2/56 HPs)
             Began as a Deep Dwarf Ice Elementalist on Feb 10, 2019.
             Was a Follower of Makhleb.
             Slain by Eustachio
             ... wielding a +2 rapier of electrocution
              (12 damage)
             ... on level 4 of the Dungeon.
             The game lasted 00:05:39 (3194 turns).

Monsterracer the Ducker (DDIE)                      Turns: 3194, Time: 00:05:40

Health: -2/56      AC:  7    Str: 14    XL:     6   Next: 18%
Magic:  5/5        EV: 15    Int: 15    God:    Makhleb [*.....]
Gold:   266        SH:  4    Dex: 13    Spells: 8/8 levels left

rFire    . . .     SeeInvis .   a - +0 war axe
rCold    . . .     Gourm    .   n - +0 buckler
rNeg     . . .     Faith    .   k - +0 ring mail
rPois    .         Spirit   .   (no helmet)
rElec    .         Reflect  .   p - +1 cloak
rCorr    .         Harm     .   (no gloves)
MR       .....                  (no boots)
Stlth    +.........             (no amulet)
HPRegen  0.00/turn              g - +4 ring of evasion
MPRegen  0.09/turn              (no ring)

@: non-regenerating
A: damage resistance, heal wounds, sense surroundings 1, no regeneration
a: Heal Wounds, Renounce Religion


You were on level 4 of the Dungeon.
You worshipped Makhleb.
Makhleb was aware of your devotion.
You were not hungry.

You visited 1 branch of the dungeon, and saw 4 of its levels.

You collected 266 gold pieces.

Inventory:

Hand Weapons
 a - a +0 war axe (weapon)
 b - a +0 flail
Missiles
 i - a throwing net (quivered) {!f}
Armour
 j - a +0 chain mail
 k - a +0 ring mail (worn)
 n - a +0 buckler (worn)
 p - a +1 cloak (worn)
 s - a +0 large shield
Jewellery
 g - a +4 ring of evasion (left hand)
 o - an uncursed ring of fire
 M - an uncursed ring of protection from magic {!d}
Scrolls
 e - a scroll of immolation {!r}
 t - a scroll of teleportation {!r}
Potions
 d - 2 potions of heal wounds
 f - a potion of magic {unknown}
 h - a potion of brilliance
 l - a potion of flight
 m - a potion of cancellation
 q - a potion of curing {unknown}
 u - a potion of invisibility
Comestibles
 c - 11 rations


   Skills:
 + Level 3.4 Fighting
 * Level 1.7(2.1) Axes
 - Level 1.7(2.1) Maces & Flails
 + Level 0.6 Armour
 + Level 3.7 Dodging
 - Level 2.4 Stealth
 + Level 1.8 Shields
 - Level 1.7 Spellcasting
   Level 0.8 Conjurations
   Level 2.6 Ice Magic
 + Level 1.6 Invocations


You had 8 spell levels left.
You didn't know any spells.
Your spell library contained the following spells:

 Spells                   Type           Power        Failure   Level  Hunger
 Freeze                   Ice            #...         21%         1    ##.....
 Throw Frost              Conj/Ice       #.....       41%         2    ###....
 Ozocubu's Armour         Chrm/Ice       #.......     71%         3    ####...
 Throw Icicle             Conj/Ice       #.......     96%         4    #####..
 Summon Ice Beast         Ice/Summ       #.......     98%         4    #####..


Dungeon Overview and Level Annotations

Branches:
Dungeon (4/15)
 Temple: D:4-7

Altars:
Ashenzari
Makhleb
Trog

Annotations:
D:4 Eustachio


Innate Abilities, Weirdness & Mutations

You are resistant to damage.
You can heal yourself by infusing magical energy.
You passively map a small area around you.
You do not regenerate.


Message History

You closely miss the iron imp. You closely miss the ufetubus.
Eustachio hits you but does no damage. The ufetubus hits you.
* * * LOW HITPOINT WARNING * * *
You block the ufetubus's attack.
Eustachio hits you with a +2 rapier of electrocution!
* * * LOW HITPOINT WARNING * * *
The ufetubus completely misses you. The ufetubus hits you.
The iron imp completely misses you.
You take 9 damage, and have 21/56 hp.
You completely miss Eustachio.
Eustachio is heavily wounded.
You closely miss the iron imp. You miss the ufetubus.
The ufetubus closely misses you. The ufetubus hits you.
* * * LOW HITPOINT WARNING * * *
Eustachio barely misses you. The iron imp hits you.
* * * LOW HITPOINT WARNING * * *
The ufetubus closely misses you.
The ufetubus hits you but does no damage.
You take 3 damage, and have 18/56 hp.
Unknown command.
Your magical essence is drained by the effort!
You feel much better. The ufetubus barely misses you. x2
Eustachio hits you with a +2 rapier of electrocution.
You are electrocuted!
* * * LOW HITPOINT WARNING * * *
The iron imp hits you.
* * * LOW HITPOINT WARNING * * *
You regained 2 hp, and now have 20/56 hp.
You now have 5/5 mp.
Unknown command.
You fail to use your ability.
The ufetubus barely misses you. The ufetubus misses you. Eustachio misses you.
The ufetubus misses you. x2
You fail to use your ability.
The iron imp hits you but does no damage.
The ufetubus closely misses you. The ufetubus barely misses you.
Eustachio hits you with a +2 rapier of electrocution.
You feel much better. You block the ufetubus's attack. The ufetubus misses you.
You block the iron imp's attack. The ufetubus hits you.
The ufetubus hits you but does no damage.
Eustachio hits you but does no damage.
You regained 31 hp, and now have 51/56 hp.
You hit Eustachio but do no damage.
Eustachio is heavily wounded.
Your ring mail prevents you from hitting the iron imp.
You closely miss the ufetubus. The ufetubus misses you.
The ufetubus barely misses you. The iron imp closely misses you.
The ufetubus barely misses you. The ufetubus misses you.
Eustachio completely misses you.
You hit Eustachio.
Eustachio is severely wounded.
You slash the iron imp! You barely miss the ufetubus. The ufetubus misses you.
The ufetubus closely misses you.
The iron imp hits you but does no damage.
Eustachio barely misses you. The ufetubus closely misses you.
The ufetubus barely misses you.
You closely miss Eustachio.
Eustachio is severely wounded.
You barely miss the ufetubus. You hit the iron imp.
The ufetubus barely misses you. The ufetubus closely misses you.
Eustachio barely misses you. The iron imp barely misses you.
You block the ufetubus's attack. The ufetubus hits you. The iron imp hits you!
Eustachio barely misses you.
You take 7 damage, and have 44/56 hp.
Unknown command.
You hit Eustachio but do no damage.
Eustachio is severely wounded.
You hit the ufetubus but do no damage. You closely miss the iron imp.
The ufetubus barely misses you. The ufetubus closely misses you.
The ufetubus hits you. The ufetubus closely misses you.
Eustachio hits you but does no damage. The iron imp barely misses you.
You take 1 damage, and have 43/56 hp.
You closely miss Eustachio.
Eustachio is severely wounded.
You hit the ufetubus but do no damage. You closely miss the iron imp.
The ufetubus barely misses you. You block the ufetubus's attack.
The ufetubus closely misses you. x2; Eustachio hits you but does no damage.
You are electrocuted!
The iron imp hits you. The ufetubus hits you. The ufetubus closely misses you.
You take 10 damage, and have 33/56 hp.
You closely miss Eustachio.
Eustachio is severely wounded.
You hit the iron imp.
You kill the iron imp!
You closely miss the ufetubus. The ufetubus misses you.
The ufetubus hits you but does no damage.
Eustachio hits you but does no damage.
You are electrocuted!!
* * * LOW HITPOINT WARNING * * *
The ufetubus completely misses you.
The ufetubus hits you but does no damage.
You take 15 damage, and have 18/56 hp.
MASSIVE DAMAGE!!
Unknown command.
Unknown command.
You closely miss Eustachio.
Eustachio is severely wounded.
You closely miss the ufetubus. The ufetubus misses you.
The ufetubus hits you but does no damage.
Eustachio hits you with a +2 rapier of electrocution!
* * * LOW HITPOINT WARNING * * *
You are electrocuted!
You die...

# #......###.#.## #
##'###### ##.## #
##...## #.# #
##.....## #.#
###.......# ##.##
##.........####...##
.'.........+.......#
##.........####...##
##.......## ##@##
##.....## #5@.#
##...## *#.#.# #+##
,._ .# .#. ## , *
..#. , .. ##,* ,
*##.* * , *


You could see Eustachio and an ufetubus.

Vanquished Creatures
  A crimson imp (D:4)
  A hound (D:4)
  2 orc wizards (D:3)
  A worker ant (D:4)
  3 gnolls (D:2)
  4 adders
  An ooze (D:1)
  2 worms (D:2)
  2 dart slugs (D:1)
  3 leopard geckos
  10 orcs
  2 ball pythons (D:3)
  5 giant cockroaches
  10 goblins
  4 hobgoblins (D:1)
  5 jackals
  A quokka (D:4)
  8 bats
  6 frilled lizards
  A jackal skeleton (D:4)
  4 kobolds (D:1)
  7 rats
83 creatures vanquished.

Notes
Turn   | Place    | Note
-------+----------+-------------------------------------------
     0 | D:1      | Monsterracer the Deep Dwarf Ice Elementalist began the
                  | quest for the Orb.
     0 | D:1      | Reached XP level 1. HP: 15/15 MP: 3/3
    47 | D:1      | Reached skill level 1 in Fighting
   107 | D:1      | Reached XP level 2. HP: 23/25 MP: 4/4
   397 | D:1      | You fall through a shaft!
   398 | D:2      | HP: 13/26 [adder (4)]
   403 | D:2      | Reached XP level 3. HP: 16/32 MP: 0/5
  1008 | D:1      | Reached skill level 1 in Maces & Flails
  1258 | D:2      | Reached XP level 4. HP: 25/40 MP: 2/6
  1504 | D:2      | Found a burning altar of Makhleb.
  1513 | D:2      | Found a shattered altar of Ashenzari.
  1579 | D:2      | Became a worshipper of Makhleb the Destroyer
  1787 | D:2      | HP: 15/40 [gnoll/+0 spear (8)]
  2137 | D:3      | HP: 20/40 [orc wizard/puff of flame (6)]
  2145 | D:3      | Reached XP level 5. HP: 23/49 MP: 2/7
  2326 | D:3      | Reached skill level 1 in Shields
  2391 | D:3      | Reached skill level 1 in Invocations
  2452 | D:3      | Reached * piety under Makhleb
  2732 | D:4      | Reached skill level 1 in Axes
  3016 | D:4      | HP: 23/49 [hound (3)]
  3022 | D:4      | Reached XP level 6. HP: 25/56 MP: 7/7
  3157 | D:4      | Found a bloodstained altar of Trog.
  3158 | D:4      | Noticed Eustachio
  3182 | D:4      | HP: 28/56 [ufetubus[Eustachio] (2)]
  3193 | D:4      | HP: 18/56 [Eustachio/+2 rapier of electrocution (15)]
  3194 | D:4      | Slain by Eustachio

Skill      XL: |  1  2  3  4  5 |
---------------+----------------+-----
Fighting       | 1 2 3 |  3.4
Dodging        | 3 |  3.7
Maces & Flails | 1 |  1.7
Shields        | 1 |  1.8
Invocations    | 1 |  1.6
Axes           | 1 |  1.7
Armour         | |  0.6
Stealth        | |  2.4
Spellcasting   | |  1.7
Conjurations   | |  0.8
Ice Magic      | |  2.6

Action                   |  1- 3 |  4- 6 || total
-------------------------+-------+-------++-------
Melee: Unarmed           |     8 |       ||     8
       Short sword       |    13 |       ||    13
       Mace              |    36 |     2 ||    38
       Flail             |       |    66 ||    66
       War axe           |       |   111 ||   111
 Cast: Freeze            |    45 |    22 ||    67
 Abil: Heal Wounds       |     1 |     5 ||     6
  Use: Scroll            |       |    12 ||    12
 Stab: Sleeping          |     5 |       ||     5
  Eat: Chunk             |     2 |     7 ||     9
Armor: Robe              |     6 |     5 ||    11
       Ring mail         |       |    68 ||    68
Dodge: Dodged            |    57 |   233 ||   290
Block: Buckler           |       |    50 ||    50

Levels and vault maps discovered:
D:1:      lightli_arrival_noodles, layout_loops_ring
D:2:      layout_loops_ring, minitemple, corexii_corridor_pit
D:3:      layout_basic, serial_forest, infiniplex_forest_end_2,
          infiniplex_forest_end_3, infiniplex_forest_clump_large,
          infiniplex_forest_lined_ring, hangedman_abyss_or_decor_lesser_grid
D:4:      minmay_angry_zag, layout_loops_corners, lemuel_crystal_altar,
          first_ration, uniq_eustachio
